 Dungeon Crawl Stone Soup version 0.29-a0-732-g3d7fbe0af2 (webtiles) character file.

Game seed: 11018220760251667388

688 buhh the Trooper (level 7, -8/52 HPs)
             Began as an Octopode Transmuter on June 30, 2022.
             Mangled by a gnoll
             ... wielding a +0 spear
              (9 damage)
             ... on level 3 of the Dungeon.
             The game lasted 00:11:54 (5291 turns).

buhh the Trooper (Octopode Transmuter)              Turns: 5291, Time: 00:11:54

Health: -8/52      AC:  2    Str:  9    XL:     7   Next: 62%
Magic:  4/10       EV: 19    Int: 18    God:
Gold:   119        SH:  0    Dex: 17    Spells: 1/10 levels left

rFire   . . .      SeeInvis .     - Unarmed
rCold   . . .      Faith    .   (shield currently unavailable)
rNeg    . . .      Spirit   .   (helmet currently unavailable)
rPois   x          Reflect  .   (no amulet)
rElec   .          Harm     .   (no ring)
rCorr   .          Rampage  .   (no ring)
Will    .....                   (no ring)
Stlth   ++........              (no ring)
HPRegen 0.17/turn               (no ring)
MPRegen 0.12/turn               (no ring)
                                (no ring)
                                (no ring)

@: spider-form, wereblooded
A: venomous fangs, almost no armour, (amphibious), 8 rings, tiny, (camouflage
1), (gelatinous body 1), (nimble swimmer 1), (tentacles)
a: End Transformation


You were on level 3 of the Dungeon.
You were a venomous arachnid creature.
You visited 1 branch of the dungeon, and saw 5 of its levels.

You collected 159 gold pieces.
You spent 40 gold pieces at shops.

Inventory:

Missiles
 a - 6 poisoned darts
Jewellery
 c - a ring of fire
 i - an amulet of guardian spirit
Scrolls
 e - a scroll of immolation {unknown}
 F - a scroll of enchant weapon
 Q - 2 scrolls of fog
Potions
 b - 2 potions of degeneration
 d - a potion of flight {unknown}
 f - a potion of haste {unknown}
 g - a potion of brilliance {unknown}
 h - a potion of mutation {unknown}


   Skills:
 - Level 6.0 Fighting
 - Level 2.0 Dodging
 - Level 1.0 Stealth
 * Level 3.1 Unarmed Combat
 - Level 2.0 Spellcasting
 - Level 5.0 Transmutations
 + Level 2.2 Ice Magic


You had one spell level left.
You knew the following spells:

 Your Spells              Type           Power      Damage    Failure   Level
a - Beastly Appendage     Tmut           38%        N/A       9%          1
b - Wereblood             Tmut           19%        N/A       12%         2
c - Spider Form           Tmut/Pois      10%        N/A       38%         3
d - Ozocubu's Armour      Ice            9%         N/A       43%         3

Your spell library contained the following spells:

 Spells                   Type           Power      Damage    Failure   Level
 Foxfire                  Conj/Fire      4%         2x1d4     38%         1
 Magic Dart               Conj           4%         1d3       38%         1
 Slow                     Hex            4%         N/A       38%         1
 Poisonous Vapours        Pois/Air       2%         N/A       47%         2
 Searing Ray              Conj           2%         2d4       47%         2
 Ice Form                 Ice/Tmut       14%        N/A       61%         4
 Confusing Touch          Hex            1%         N/A       69%         3
 Conjure Flame            Conj/Fire      1%         6-21      69%         3
 Inner Flame              Hex/Fire       1%         N/A       69%         3
 Tukima's Dance           Hex            1%         N/A       69%         3
 Vampiric Draining        Necr           1%         2d6       69%         3
 Corpse Rot               Necr/Pois/Air  1%         N/A       96%         4
 Flame Wave               Conj/Fire      1%         2d4       96%         4
 Fulminant Prism          Conj/Hex       0%         3d6       96%         4
 Passage of Golubria      Tloc           1%         N/A       96%         4
 Yara's Violent Unravell  Hex/Tmut       5%         3d4       96%         5
 Ozocubu's Refrigeration  Ice            4%         4d5       100%        7


Dungeon Overview and Level Annotations

Branches:
Dungeon (5/15) Zot: 24715
 Temple: D:4-7

Altars:

Shops:
D:2 *


Innate Abilities, Weirdness & Mutations

You are a venomous arachnid creature.
You have poisonous fangs.
You are tiny and dextrous.
Your spellcasting is less reliable in this form.
Your armour is entirely melded.
You are incapable of wielding weapons or throwing items.
You cannot wear most types of armour.
((You are amphibious.))
You can wear up to eight rings at the same time.
((Your skin changes colour to match your surroundings (Stealth+).))
((Your rubbery body absorbs attacks. (AC +1, EV +1)))
((You are camouflaged when in or above water. (Stealth+)))
((You have tentacles for arms and can constrict up to eight enemies at once.))


Message History

The gnoll hits you with a +0 whip. The gnoll closely misses you.
You hit the gnoll.
The gnoll looks as sick as possible!
The gnoll is moderately wounded.
The gnoll hits you with a +0 whip.
The gnoll hits you from afar with a +0 spear.
You hit the gnoll.
The gnoll is almost dead.
You feel a bit better.
You kill the gnoll!
The gnoll barely misses you.
Training target 6.0 for Fighting reached!
Your Fighting skill increases to level 6!
You hit the gnoll.
You feel a bit better.
You kill the gnoll!
The gnoll completely misses you.
Your transformation has ended.
The gnoll hits you with a +0 halberd. The gnoll hits you with a +0 spear!
Items here: $ )) ?? ††.
You turn into a venomous arachnid creature.
You hiss as the wereblood boils in your veins!
The gnoll misses you. The gnoll closely misses you.
You hit the gnoll.
The gnoll is poisoned.
The gnoll is heavily wounded.
The gnoll hits you with a +0 halberd!
* * * LOW HITPOINT WARNING * * *
The gnoll drinks a potion.
The gnoll is healed!
The gnoll looks more healthy.
You hit the gnoll.
The gnoll is lightly wounded.
You hiss as the wereblood boils in your veins!
The gnoll barely misses you. The gnoll hits you with a +0 spear.
* * * LOW HITPOINT WARNING * * *
You barely miss the gnoll.
The gnoll is lightly wounded.
The gnoll hits you with a +0 halberd!
* * * LOW HITPOINT WARNING * * *
The gnoll completely misses you.
You hit the gnoll but do no damage.
The gnoll is poisoned.
The gnoll is lightly wounded.
The gnoll barely misses you. The gnoll hits you with a +0 spear!
You die...

##.#..#..###..############.# #.#
#.......# #.............#.# #.#
##.#####.###...#####.###.#.####.#
#..# #.......### #.# #<#......#
.#.# ##.#.......# #.# #.......##
##.####...###..#.# #.# ###.###.#
#.............#.# #.# #.# #.##
######...###.#..###.## #.# #.#.
##.###.###s##...## #.# #..# #.#
##.#gg#.....###.# #.## #.#
##.............# ##.#
#.####...........##.#####.
#.............>.........#†
######..............###†#.
#.#..#....g##.###....
#....#..##[##.##...†.
#..#...(......#......


You could see 2 gnolls.

Vanquished Creatures
  Sigmund (D:2)
  An ogre (D:4)
  A phantom (D:5)
  A necrophage (D:4)
  A scorpion (D:4)
  A hound (D:5)
  An orc wizard (D:4)
  7 gnolls
  6 adders
  2 worms (D:4)
  A dart slug (D:3)
  4 orcs (D:4)
  7 ball pythons
  10 endoplasms
  4 giant cockroaches
  9 goblins
  8 hobgoblins
  7 kobolds
  2 quokkas (D:4)
  2 bats
  3 frilled lizards (D:1)
  4 rats
83 creatures vanquished.

Notes
Turn   | Place    | Note
-------+----------+-------------------------------------------
     0 | D:1      | buhh the Octopode Transmuter began the quest for the Orb.
     0 | D:1      | Reached XP level 1. HP: 13/13 MP: 3/3
   372 | D:1      | Reached XP level 2. HP: 17/19 MP: 3/5
   445 | D:1      | Reached skill level 2 in Fighting
   990 | D:1      | Reached XP level 3. HP: 20/25 MP: 4/6
  1402 | D:2      | Reached skill level 3 in Fighting
  1614 | D:2      | Found a faded altar of an unknown god.
  1942 | D:2      | Noticed Sigmund
  1957 | D:2      | Killed Sigmund
  1958 | D:2      | Reached skill level 5 in Fighting
  1958 | D:2      | Reached XP level 4. HP: 20/35 MP: 7/7
  1958 | D:2      | Reached XP level 5. HP: 23/39 MP: 8/8
  2116 | D:2      | Found Laehuch's General Store.
  2138 | D:2      | Bought a potion of degeneration for 10 gold pieces
  2138 | D:2      | Bought a potion of curing for 30 gold pieces
  2356 | D:3      | Reached XP level 6. HP: 37/45 MP: 7/9
  3292 | D:4      | Learned a level 2 spell: Wereblood
  3296 | D:4      | Learned a level 3 spell: Spider Form
  3556 | D:4      | Noticed a yak
  3557 | D:4      | Noticed a yak
  3559 | D:4      | Noticed a yak
  4152 | D:4      | Reached XP level 7. HP: 47/50 MP: 7/10
  4260 | D:4      | Learned a level 3 spell: Ozocubu's Armour
  4382 | D:5      | Entered Level 5 of the Dungeon
  5285 | D:3      | Reached skill level 6 in Fighting
  5290 | D:3      | HP: 1/52 [gnoll/+0 halberd (8)]
  5291 | D:3      | Mangled by a gnoll

Illustrated notes

Levels and vault maps discovered:
D:1:      lightli_arrival_flooded_house, layout_loops_corners
D:2:      layout_loops_ring, chequers_ecumenical_altar_island, serial_shops,
          nicolae_square_shop, nicolae_concentric_dashed_squares_mild,
          uniq_sigmund
D:3:      layout_loops_ring
D:4:      minmay_angry_zag, layout_cave_pools, serial_rivers,
          chequers_serial_rivers_marsh, chequers_serial_rivers_large_a,
          chequers_serial_rivers_micro_e, chequers_serial_rivers_micro_a,
          chequers_serial_rivers_micro_e, chequers_serial_rivers_small_b,
          minmay_puff
D:5:      layout_cave_pools, ebering_ghost_sewer_d

Skill      XL: |  1  2  3  4  5  6  7 |
---------------+----------------------+-----
Stealth        | 1 |  1.0
Fighting       | 2 5 6 |  6.0
Transmutations | 3 4 5 |  5.0
Ice Magic      | 1 2 |  2.2
Dodging        | |  2.0
Unarmed Combat | |  3.1
Spellcasting   | |  2.0

Action                   |  1- 3 |  4- 6 |  7- 9 || total
-------------------------+-------+-------+-------++-------
Melee: Unarmed           |    56 |    91 |    67 ||   214
       Kick              |    20 |    20 |       ||    40
       Constrict         |    14 |    17 |     1 ||    32
       Tentacles         |    17 |    19 |     5 ||    41
       Punch             |     1 |     1 |       ||     2
 Cast: Beastly Appendage |    22 |    24 |     1 ||    47
       Spider Form       |       |     3 |    13 ||    16
       Ozocubu's Armour  |       |       |     1 ||     1
       Wereblood         |       |       |     1 ||     1
  Use: Scroll            |     5 |     2 |     2 ||     9
       Potion            |       |     6 |     1 ||     7
 Stab: Sleeping          |    10 |     8 |       ||    18
Armor: Skin              |     1 |    36 |     3 ||    40
Dodge: Dodged            |    22 |    52 |    47 ||   121

Table legend: (Time is in decaauts)
 A = Elapsed time spent in this place.
 B = Non-inter-level travel time spent in this place.
 C = Inter-level travel time spent in this place.
 D = Time resting spent in this place.
 E = Time spent auto-exploring this place.
 F = Levels seen in this place.
 G = Mean time per level.
                   A        B        C        D        E       F      G
               +--------+--------+--------+--------+--------+-----+--------+
         Total |   5283 |   5130 |    153 |   1068 |   2954 |   5 | 1056.6 |
       Dungeon |   5283 |   5130 |    153 |   1068 |   2954 |   5 | 1056.6 |
               +--------+--------+--------+--------+--------+-----+--------+

Top non-repeatable levels by time:
     D:4: 2007 daAuts
     D:1: 1383 daAuts
     D:2: 937 daAuts
     D:3: 879 daAuts
     D:5: 74 daAuts
